AoeStats
← TIMVP

Arena

509987443Analyzed
2v2 RM · 2d ago on Sep 28, 2026· 58m 36s· 4 players
Game mode
Random Map
Map size
Medium (4 player)
Population
200
Speed
Normal
Resources
Standard
Victory
Conquest
Starting age
Dark Age
Ending age
Imperial Age
RankedLock teamsTeams togetherTeam positionsShared explorationLock speedFull tech treeHidden civsTurbo modeCheats
Victory
Defeat
🇵🇪 Romans · Peru
741
+14
🇵🇪 Burgundians · Peru
723
+15
🇦🇺 Italians · Australia
709
-15
🇲🇽 Spanish · Mexico
685
-14
sinko peso
5:02 Loom
13:38 Feudal Age
15:00 Wheelbarrow
14:18 Gold Mining
14:20 Stone Mining
14:12 Horse Collar
14:21 Double-Bit Axe
24:16 Castle Age
24:36 Scale Barding Armor
24:42 Forging
25:33 Husbandry
25:44 Bloodlines
26:08 Bow Saw
27:25 Chain Barding Armor
27:43 Iron Casting
31:14 Hand Cart
35:13 Fortified Wall
35:45 Stone Shaft Mining
39:04 Imperial Age
36:48 Murder Holes
38:07 Inquisition
39:42 Caravan
39:47 Cavalier
41:07 Plate Barding Armor
41:34 Blast Furnace
41:08 Conscription
41:25 Hoardings
44:37 Paladin
54:09 Two-Man Saw
fat sandwiches
12:16 Feudal Age
19:58 Castle Age
18:22 Double-Bit Axe
18:18 Horse Collar
18:59 Man-at-Arms
20:04 Long Swordsman
21:01 Heavy Plow
23:37 Squires
23:25 Arson
23:06 Pikeman
27:13 Town Watch
28:03 Wheelbarrow
27:17 Loom
29:45 Fletching
30:34 Hand Cart
31:58 Thumb Ring
36:34 Imperial Age
36:58 Silk Road
37:49 Husbandry
37:10 Cavalier
38:01 Bloodlines
38:39 Conscription
39:47 Chemistry
38:34 Treadmill Crane
38:50 Murder Holes
40:30 Hoardings
45:02 Elite Genoese Crossbowman
45:20 Light Cavalry
TIMVP
11:56 Feudal Age
12:23 Double-Bit Axe
12:54 Horse Collar
14:10 Wheelbarrow
17:31 Loom
21:00 Castle Age
27:37 Gold Mining
28:13 Heavy Plow
29:07 Scale Barding Armor
28:28 Man-at-Arms
30:02 Gold Shaft Mining
30:57 Long Swordsman
35:40 Imperial Age
33:48 Bow Saw
35:24 Hand Cart
35:14 Stone Mining
36:34 Scale Mail Armor
36:45 Forging
37:29 Chain Barding Armor
36:52 Pikeman
37:33 Squires
37:41 Halberdier
38:43 Masonry
39:26 Ballistas
41:50 Legionary
42:33 Heavy Scorpion
48:09 Ballistics
47:57 Siege Engineers
48:23 Architecture
48:23 Chain Mail Armor
48:44 Iron Casting
54:43 Blast Furnace
A†ilA
6:11 Loom
7:04 Wheelbarrow
6:54 Double-Bit Axe
14:12 Feudal Age
12:57 Horse Collar
13:17 Gold Mining
13:21 Stone Mining
15:36 Hand Cart
15:49 Bow Saw
20:06 Heavy Plow
20:29 Loom
23:03 Castle Age
25:12 Crop Rotation
25:48 Two-Man Saw
24:11 Light Cavalry
24:55 Husbandry
24:16 Cavalier
27:29 Forging
27:21 Scale Mail Armor
27:30 Scale Barding Armor
28:41 Gold Shaft Mining
32:47 Ballistics
35:02 Imperial Age
36:03 Burgundian Vineyards
36:30 Conscription
37:03 Iron Casting
36:29 Scale Mail Armor
40:46 Paladin
44:21 Chemistry
42:59 Elite Skirmisher
45:55 Blast Furnace
45:16 Chain Barding Armor
58:28 Spies/Treason
Connection lost

Rejoining the realm…

Still unreachable

The connection could not be restored.

Session expired

The server has moved on; the page needs a fresh start.